 Dungeon Crawl Stone Soup version 0.31-a0-145-g046c7d2549 (webtiles) character file.

Game seed: 14891089020002660631

133 nicknak712 the Chiller (level 4, -17/30 HPs)
             Began as a Demonspawn Ice Elementalist on June 5, 2023.
             Demolished by a freezing wraith (23 damage)
             ... created by the anger of Yredelemnul
             ... on level 2 of the Dungeon.
             The game lasted 00:12:16 (2076 turns).

nicknak712 the Chiller (DsIE)                       Turns: 2076, Time: 00:12:21

Health: -17/30     AC:  4    Str:  9    XL:     4   Next: 93%
Magic:  2/8        EV: 12    Int: 18    God:
Gold:   86         SH:  0    Dex: 13    Spells: 4/8 levels left

rFire   . . .        b - +0 short sword
rCold   . . .        (no shield)
rNeg    . . .        j - +0 troll leather armour
rPois   .            (no helmet)
rElec   .            (no cloak)
rCorr   .            (no gloves)
SInv    .            (no boots)
Will    .....        e - amulet of regeneration
Stlth   ++           (no ring)
HPRegen 1.85/turn    (no ring)
MPRegen 0.11/turn

%: no passive effects
@: brilliant, slowed, very slow
A: claws 1
a: no special abilities


You were on level 2 of the Dungeon.
You visited 1 branch of the dungeon, and saw 2 of its levels.

You collected 86 gold pieces.

Inventory:

Hand Weapons
 b - a +0 short sword (weapon)
 d - a +0 club
Armour
 a - a +0 robe
 j - a +0 troll leather armour (worn)
Jewellery
 e - an amulet of regeneration (around neck)
Scrolls
 c - a scroll of immolation {unknown}
 f - a scroll of fog {unknown}
 k - a scroll of identify {unknown}
 l - a scroll of teleportation {unknown}
Potions
 g - a potion of mutation {unknown}
 i - 4 potions of resistance {unknown}


   Skills:
 * Level 3.2 Dodging
 + Level 2.7 Stealth
 + Level 2.7 Spellcasting
 + Level 4.1 Ice Magic


You had 4 spell levels left.
You knew the following spells:

 Your Spells              Type           Power      Damage    Failure   Level
a - Freeze                Ice            100%       1d10      4%          1
b - Frozen Ramparts       Ice            52%        1d8       13%         3

Your spell library contained the following spells:

 Spells                   Type           Power      Damage    Failure   Level
 Ozocubu's Armour         Ice            26%        N/A       13%         3
 Summon Ice Beast         Ice/Summ       14%        N/A       71%         4


Dungeon Overview and Level Annotations

Branches:
Dungeon (2/15)

Altars:
Yredelemnul


Innate Abilities, Weirdness & Mutations

You have sharp fingernails.


Message History

The wall freezes Crazy Yiuf.
Crazy Yiuf hits you with a +4 quarterstaff of chaos!
Crazy Yiuf burns you.
You freeze Crazy Yiuf!
Crazy Yiuf is almost dead.
The wall freezes Crazy Yiuf.
You kill Crazy Yiuf!
You start resting.
Yredelemnul sends a servant to punish you.
A freezing wraith comes into view.
A freezing wraith is nearby!
A freezing wraith is nearby!
A freezing wraith is nearby!
The wall freezes the freezing wraith but does no damage.
You hit the freezing wraith but do no damage.
The frozen ramparts melt away.
The freezing wraith hits you but does no damage.
The freezing wraith hits you.
You freeze the freezing wraith but do no damage.
The freezing wraith completely resists.
The freezing wraith completely misses you.
The freezing wraith hits you! The freezing wraith drains your vigour!
You feel yourself slow down.
You closely miss the freezing wraith.
The freezing wraith completely misses you.
The freezing wraith barely misses you.
You hit the freezing wraith.
The freezing wraith is lightly damaged.
The freezing wraith hits you. The freezing wraith freezes you!
* * * LOW HITPOINT WARNING * * *
The freezing wraith misses you.
The freezing wraith hits you but does no damage.
The freezing wraith closely misses you.
It was a potion of brilliance.
You feel clever all of a sudden. The freezing wraith hits you.
* * * LOW HITPOINT WARNING * * *
The freezing wraith freezes you!!
Ouch! That really hurt!
You die...

##.........####....#
####.†....## #..).#
...........# #....#
#.###.#....# ##...#
#.# #.####.# ##.##
#.# #.##..<# ##.#
#.# #.##.#.# #.##
#.# #.##.#.# ##.#
#.# #.##.#.# #@##
#.# #.##.#.# #W#
#.###......# ...
#.##.......# #...#
#.##.###.#.# #)..#
#....# #.#.# #####
###### #.#.# #.#.##
#.##.#


You could see a freezing wraith.

Vanquished Creatures
  Crazy Yiuf (D:2)
  Jessica (D:2)
  2 adders (D:2)
  A worm (D:2)
  A dart slug (D:1)
  6 ball pythons
  3 bats
  5 endoplasms
  2 giant cockroaches
  5 hobgoblins
  7 jackals (D:1)
  2 quokkas
  4 frilled lizards
  6 goblins
  5 kobolds
  2 rats (D:1)
53 creatures vanquished.

Notes
Turn   | Place    | Note
-------+----------+-------------------------------------------
     0 | D:1      | nicknak712 the Demonspawn Ice Elementalist began the quest
                  | for the Orb.
     0 | D:1      | Reached XP level 1. HP: 13/13 MP: 3/3
   186 | D:1      | Gained mutation: You have sharp fingernails. [demonic
                  | ancestry]
   186 | D:1      | Reached XP level 2. HP: 19/19 MP: 1/5
   689 | D:1      | Reached XP level 3. HP: 23/24 MP: 2/6
   983 | D:1      | Learned a level 3 spell: Frozen Ramparts
  1397 | D:2      | Noticed Jessica
  1403 | D:2      | Killed Jessica
  1404 | D:2      | Reached skill level 4 in Ice Magic
  1404 | D:2      | Reached XP level 4. HP: 29/30 MP: 4/7
  1994 | D:2      | Found a basalt altar of Yredelemnul.
  2004 | D:2      | Became a worshipper of Yredelemnul the Dark
  2005 | D:2      | Fell from the grace of Yredelemnul
  2061 | D:2      | Found a runed translucent door.
  2062 | D:2      | Noticed Crazy Yiuf
  2068 | D:2      | Killed Crazy Yiuf
  2070 | D:2      | Noticed a freezing wraith
  2076 | D:2      | Demolished by a freezing wraith

Illustrated notes

Levels and vault maps discovered:
D:1:      matt_arrival_los_fun, layout_loops_ring
D:2:      layout_loops_ring, basic_altar, glass_columns_a,
          minmay_misc_feat_doors, uniq_jessica, uniq_crazy_yiuf_cottage,
          uniq_natasha

Skill      XL: |  1  2  3  4 |
---------------+-------------+-----
Dodging        | 2 3 |  3.2
Stealth        | 2 |  2.7
Ice Magic      | 4 |  4.1
Spellcasting   | |  2.7

Action                     |  1- 3 |  4- 6 || total
---------------------------+-------+-------++-------
  Melee: Short sword       |    37 |    12 ||    49
         Unarmed           |     2 |       ||     2
         Punch             |       |     1 ||     1
   Cast: Freeze            |    55 |    22 ||    77
         Frozen Ramparts   |     1 |     1 ||     2
 Invoke: Renounce Religion |       |     1 ||     1
    Use: Potion            |     1 |     1 ||     2
   Stab: Sleeping          |     1 |       ||     1
 Armour: Robe              |    13 |       ||    13
         Troll leather arm |       |     6 ||     6
  Dodge: Dodged            |    55 |    19 ||    74

Table legend: (Time is in decaauts)
 A = Elapsed time spent in this place.
 B = Non-inter-level travel time spent in this place.
 C = Inter-level travel time spent in this place.
 D = Time resting spent in this place.
 E = Time spent auto-exploring this place.
 F = Levels seen in this place.
 G = Mean time per level.
                   A        B        C        D        E       F      G
               +--------+--------+--------+--------+--------+-----+--------+
         Total |   2076 |   2044 |     32 |    324 |   1307 |   2 | 1038.0 |
       Dungeon |   2076 |   2044 |     32 |    324 |   1307 |   2 | 1038.0 |
               +--------+--------+--------+--------+--------+-----+--------+

Top non-repeatable levels by time:
     D:1: 1251 daAuts
     D:2: 824 daAuts
